Map: Dusk Towers

Players

Fropez

  • Race: Protoss Protoss
  • League: Silver
  • Spawn Location: 1:00

JaRhEaD - Winner!

  • Race: Terran Terran
  • Spawn Location: 7:00

VOD

Have the link to the VOD?

Description

Time

  • Played on: June 20, 2016, 7:46 p.m.
  • Length: 32:41
Show
View Real Time Build Order
Export as new Build Order

Fropez Protoss 

Build Orders:  

Get SALT Encoding   

  12  0:01  Probe (Chrono Boost)  
  13  0:15  Pylon  
  13  0:18  Probe (Chrono Boost)  
  14  0:28  Probe (Chrono Boost)  
  15  0:35  Gateway  
  15  0:46  Probe (Chrono Boost)  
  16  0:53  Assimilator  
  16  0:56  Probe (Chrono Boost)  
  17  1:05  Pylon  
  17  1:07  Probe (Chrono Boost)  
  18  1:17  Probe (Chrono Boost)  
  19  1:24  Cybernetics Core  
  19  1:38  Gateway  
  19  1:41  Probe (Chrono Boost)  
  20  1:52  Pylon, Probe (Chrono Boost)  
  21  2:01  Warp Gate (Chrono Boost)  
  21  2:02  Adept  
  23  2:11  Pylon, Probe (Chrono Boost)  
  24  2:16  Assimilator  
  24  2:22  Probe (Chrono Boost)  
  25  2:32  Adept x2  
  29  2:38  Pylon  
  29  2:47  Gateway  
  30  2:55  Mothership Core (Chrono Boost)  
  31  3:08  Adept  
  35  3:12  Adept  
  35  3:14  Pylon, Probe  
  35  3:25  Pylon  
  35  3:26  Probe  
  36  4:01  Stargate  
  36  4:02  Stargate  
  36  4:11  Pylon  
  36  4:21  Probe  
  37  4:31  Nexus  
  37  4:33  Probe  
  37  4:45  Phoenix (Chrono Boost), Probe  
  42  4:53  Phoenix (Chrono Boost)  
  42  5:01  Adept  
  42  5:02  Adept  
  46  5:26  Phoenix (Chrono Boost)  
  50  5:29  Phoenix (Chrono Boost)  
  50  5:39  Twilight Council  
  50  6:15  Phoenix (Chrono Boost)  
  54  6:19  Phoenix (Chrono Boost)  
  54  6:22  Probe x2  
  56  6:33  Adept  
  56  6:37  Phoenix (Chrono Boost)  
  60  6:52  Adept x2  
  64  7:01  Assimilator  
  64  7:06  Pylon, Assimilator  
  64  7:09  Pylon  
  64  7:14  Pylon  
  64  7:17  Nexus  
  64  7:44  Phoenix (Chrono Boost)  
  64  7:46  Phoenix (Chrono Boost)  
  68  7:54  Gateway  
  68  7:59  Blink (Chrono Boost)  
  53  8:36  Stalker x3  
  59  8:43  Oracle  
  62  8:56  Probe  
  62  8:57  Probe  
  64  9:28  Stalker x2  
  64  9:29  Stalker x2  
  69  10:04  Probe  
  69  10:05  Probe  
  71  10:14  Phoenix x2  
  71  10:17  Probe  
  76  10:23  Nexus  
  76  10:25  Assimilator  
  76  10:29  Assimilator  
  76  10:32  Pylon  
  76  10:35  Pylon  
  76  10:37  Pylon  
  70  11:08  Stalker x4  
  78  11:14  Probe  
  78  11:15  Probe  
  80  11:20  Phoenix x2  
  82  11:44  Probe  
  82  11:45  Phoenix x2, Probe  
  82  11:46  Probe  
  89  11:55  Probe  
  64  13:08  Stalker  
  64  13:09  Stalker x3  
  64  13:10  Probe  
  64  13:11  Probe  
  64  13:12  Probe  
  75  13:23  Pylon  
  75  13:25  Pylon x2  
  73  13:29  Phoenix x2  
  77  13:34  Probe  
  75  13:51  Probe  
  75  13:52  Probe  
  75  13:53  Protoss Air Weapons Level 1 (Chrono Boost)  
  75  13:54  Phoenix x2  
  81  13:59  Probe  
  82  14:06  Probe  
  82  14:08  Fleet Beacon  
  83  14:12  Probe  
  83  14:14  Dark Shrine  
  83  14:16  Probe  
  85  14:25  Gateway  
  85  14:28  Phoenix  
  87  14:33  Phoenix  
  89  14:55  Phoenix  
  89  14:58  Phoenix  
  89  14:59  Anion Pulse-Crystals (Chrono Boost)  
  93  15:04  Charge  
  89  15:30  Phoenix  
  89  15:31  Phoenix  
  93  15:44  Gateway, Dark Templar x3  
  93  15:45  Dark Templar  
  95  16:35  Dark Templar x3  
  95  16:36  Dark Templar  
  103  16:42  Gateway  
  103  16:45  Gateway  
  99  16:50  Forge  
  99  16:53  Forge  
  93  16:55  Gateway  
  83  17:16  Phoenix x2  
  87  17:23  Dark Templar x2  
  87  17:24  Dark Templar x2  
  87  17:36  Zealot  
  89  17:49  Phoenix x2  
  79  18:32  Zealot x2  
  79  18:33  Zealot x2  
  85  18:41  Pylon  
  85  18:43  Pylon  
  85  18:45  Pylon  
  85  18:47  Pylon  
  85  18:56  Nexus  
  85  19:00  Assimilator  
  85  19:04  Assimilator  
  85  19:07  Pylon x2  
  73  19:18  Protoss Ground Weapons Level 1 (Chrono Boost)  
  73  19:19  Nexus, Zealot x4  
  73  19:20  Zealot x3  
  73  19:21  Assimilator  
  87  19:25  Phoenix x2, Assimilator  
  87  19:28  Pylon  
  87  19:29  Pylon  
  91  19:46  Probe x2  
  91  19:47  Probe, Protoss Air Weapons Level 2  
  91  19:48  Phoenix x2 (Chrono Boost)  
  98  19:58  Probe  
  87  20:09  Phoenix x2  
  87  20:10  Zealot x3  
  87  20:11  Zealot x3  
  87  20:13  Probe  
  102  20:15  Probe  
  103  20:27  Probe  
  104  20:34  Photon Cannon  
  105  20:36  Probe x2 (Chrono Boost)  
  105  20:38  Phoenix x2  
  110  20:53  Zealot x4  
  110  20:54  Zealot  
  115  21:15  Photon Cannon  
  115  21:18  Photon Cannon  
  115  21:21  Dark Templar x2  
  115  21:22  Dark Templar x2  
  115  21:24  Pylon  
  123  21:32  Robotics Facility  
  124  21:33  Probe (Chrono Boost)  
  124  21:35  Probe (Chrono Boost)  
  124  21:42  Probe (Chrono Boost)  
  124  21:43  Phoenix x2  
  129  22:05  Phoenix  
  126  22:17  Phoenix  
  128  22:25  Stalker  
  128  22:26  Stalker x2  
  128  22:27  Phoenix  
  132  22:39  Phoenix  
  132  22:40  Probe (Chrono Boost)  
  132  22:41  Probe x2 (Chrono Boost)  
  132  22:42  Probe x2 (Chrono Boost)  
  139  22:48  Phoenix  
  139  22:51  Observer  
  142  23:01  Phoenix  
  145  23:06  Probe (Chrono Boost)  
  145  23:12  Observer  
  146  23:13  Probe (Chrono Boost)  
  146  23:15  Probe x2 (Chrono Boost)  
  146  23:16  Probe (Chrono Boost)  
  150  23:25  Dark Templar x5  
  150  23:26  Dark Templar  
  149  24:16  Zealot x5  
  118  24:17  Zealot x2  
  90  24:38  Zealot x5  
  90  24:39  Zealot x2  
  90  24:41  Probe x3 (Chrono Boost)  
  90  24:42  Probe (Chrono Boost)  
  100  24:57  Nexus  
  100  25:06  Pylon, Protoss Air Weapons Level 3  
  100  25:08  Pylon  
  100  25:12  Assimilator  
  100  25:16  Assimilator  
  100  25:23  Pylon  
  100  25:26  Phoenix x2, Pylon  
  105  25:37  Probe x3 (Chrono Boost)  
  105  25:38  Probe (Chrono Boost)  
  107  25:56  Protoss Ground Weapons Level 2  
  103  26:04  Phoenix x2  
  107  26:26  Phoenix x2  
  107  26:28  Nexus  
  111  26:46  Probe x2 (Chrono Boost)  
  109  26:54  Tempest x2  
  112  27:18  Probe x2 (Chrono Boost)  
  112  27:19  Probe x2 (Chrono Boost)  
  116  27:29  Protoss Air Armor Level 1  
  117  27:30  Probe (Chrono Boost), Gateway  
  117  27:31  Gateway, Tempest x2  
  117  27:34  Gateway  
  117  27:39  Photon Cannon x2  
  121  28:09  Tempest x2  
  113  28:23  Stalker x2  
  113  28:24  Stalker x4  
  90  28:46  Tempest x2  
  95  29:08  Observer  
  94  29:18  Nexus  
  94  29:21  Pylon  
  94  29:22  Pylon  
  94  29:23  Tempest x2  
  89  29:44  Stalker  
  89  29:45  Stalker x4  
  91  30:00  Tempest  
  73  30:57  Nexus  
  73  30:59  Probe (Chrono Boost), Assimilator  
  73  31:03  Assimilator  
  74  31:26  Tempest x2  
  82  31:38  Probe (Chrono Boost)  
  83  32:06  Probe (Chrono Boost)  
  84  32:09  Probe (Chrono Boost)  
  85  32:19  Probe (Chrono Boost)  
  71  32:30  Probe (Chrono Boost)  
  71  32:31  Stalker x2  
Show
View Real Time Build Order
Export as new Build Order

JaRhEaD Terran - Winner!

Build Orders: Reaper Expand 

Get SALT Encoding   

  12  0:01  SCV  
  13  0:13  SCV  
  14  0:20  Supply Depot  
  14  0:25  SCV  
  15  0:41  SCV  
  15  0:42  Barracks  
  16  0:47  Refinery  
  16  0:53  SCV  
  17  1:04  Supply Depot  
  17  1:05  SCV  
  18  1:19  SCV  
  19  1:28  Refinery  
  19  1:44  Orbital Command  
  18  1:55  Reaper  
  18  2:00  Refinery  
  19  2:08  Command Center  
  19  2:14  SCV  
  20  2:24  Barracks  
  20  2:34  SCV  
  21  2:37  Engineering Bay  
  21  2:46  SCV  
  22  2:51  Factory  
  22  2:58  SCV  
  23  3:11  SCV  
  23  3:12  Marine  
  25  3:36  SCV x2  
  27  3:41  Barracks Tech Lab, Barracks  
  27  3:44  Marine  
  27  3:48  Widow Mine  
  29  4:01  Marauder  
  29  4:02  Marine  
  31  4:20  Marine  
  31  4:23  Marauder  
  34  4:29  Orbital Command  
  34  4:31  SCV  
  34  4:38  Marine  
  36  4:39  Barracks Tech Lab  
  36  4:43  SCV  
  36  4:44  Marauder  
  36  4:45  Refinery  
  39  4:46  Factory Tech Lab  
  39  4:47  Refinery  
  39  4:56  SCV  
  39  4:59  Starport  
  40  5:04  SCV, Sensor Tower  
  40  5:06  Marauder  
  43  5:08  SCV  
  44  5:16  SCV  
  44  5:17  Supply Depot  
  44  5:18  Supply Depot  
  44  5:20  SCV  
  46  5:23  Supply Depot  
  46  5:35  Stimpack  
  46  5:37  Concussive Shells  
  46  5:39  SCV x2, Marauder x2  
  46  5:40  Barracks Reactor  
  52  5:45  Siege Tank  
  55  5:51  SCV x2  
  57  6:00  Marine x2  
  57  6:02  Viking  
  57  6:03  SCV x2  
  63  6:06  Missile Turret  
  63  6:11  Missile Turret  
  63  6:19  Missile Turret  
  63  6:23  Missile Turret  
  63  6:24  Marine  
  63  6:25  Marine  
  65  6:30  SCV x2  
  67  6:42  SCV  
  67  6:43  Missile Turret  
  67  6:46  Marine  
  69  6:47  Marine  
  70  7:05  Supply Depot  
  70  7:26  Marine x2  
  70  7:27  Starport Reactor, Marauder x2  
  76  7:34  Siege Tank  
  77  7:44  Marine  
  78  8:01  Marine  
  78  8:02  Marine  
  77  8:07  Marauder  
  78  8:22  Marine  
  78  8:26  Marine  
  78  8:45  Supply Depot  
  78  8:47  Supply Depot  
  78  8:53  Supply Depot, Missile Turret  
  78  9:04  Starport  
  78  9:05  SCV  
  78  9:06  Marine x2, Starport, Viking x2, SCV  
  78  9:07  Marauder  
  78  9:09  Siege Tank, Marauder, Factory  
  88  9:18  SCV  
  88  9:24  Marine x2  
  87  9:28  Marauder  
  87  9:31  Marauder  
  92  9:36  Viking x2  
  96  9:41  Siege Tank, Marine  
  96  9:42  Marine  
  100  9:49  Marauder  
  100  9:52  Marauder  
  87  10:03  Starport Reactor  
  87  10:04  Starport Tech Lab  
  87  10:06  Viking x2  
  87  10:11  Marauder  
  87  10:13  Marauder  
  91  10:19  Missile Turret  
  91  10:24  Missile Turret x2  
  91  10:29  Missile Turret  
  91  10:32  Marauder  
  93  10:36  Viking  
  93  10:37  Missile Turret  
  93  10:41  Missile Turret  
  95  10:44  Missile Turret  
  95  10:51  Missile Turret  
  93  10:57  Marine  
  93  10:58  Marine x2, Marauder  
  93  10:59  Widow Mine  
  93  11:00  Widow Mine  
  102  11:12  Command Center  
  102  11:15  Refinery  
  102  11:18  Refinery  
  102  11:28  Supply Depot  
  102  11:49  Marine, Viking x2  
  102  11:50  Siege Tank  
  102  11:51  Terran Infantry Weapons Level 1  
  110  12:01  Marine  
  110  12:02  Marine  
  110  12:07  Marine  
  110  12:14  Liberator  
  110  12:17  Viking  
  110  12:18  Viking  
  110  12:19  Marauder  
  110  12:23  Marine  
  110  12:24  Marauder  
  110  12:28  Marine  
  114  12:30  Siege Tank  
  114  12:31  Viking x2  
  122  12:39  Marine  
  122  12:41  Marine  
  116  12:45  Marauder  
  116  12:46  Marine  
  112  12:58  Marauder  
  97  12:59  Marine  
  97  13:02  Siege Tank, Orbital Command  
  97  13:03  SCV x2  
  101  13:07  Marauder  
  103  13:15  SCV  
  103  13:16  SCV  
  105  13:22  Marine x2, Marauder  
  109  13:27  Marine  
  109  13:28  SCV x2  
  112  13:34  Siege Tank  
  112  13:40  Marine, SCV  
  117  13:44  Marauder  
  117  13:46  SCV x2, Marauder  
  123  13:54  Armory  
  123  13:57  Armory  
  123  14:02  Combat Shields  
  123  14:04  Terran Infantry Armor Level 1  
  123  14:05  Marauder  
  123  14:09  Supply Depot  
  125  14:26  Command Center  
  125  14:30  SCV x3  
  128  14:32  Supply Depot  
  128  14:33  Marine x3  
  128  14:34  Marauder  
  128  14:36  Liberator  
  133  14:54  Siege Tank, SCV x2  
  141  15:07  Sensor Tower  
  141  15:37  Marine, Viking x3  
  141  15:38  Siege Tank, SCV x3, Marauder  
  141  15:40  Orbital Command  
  156  15:58  Supply Depot  
  156  16:00  Supply Depot  
  156  16:04  Liberator x2  
  156  16:05  Supply Depot  
  156  16:09  SCV x2  
  156  16:19  Marine x3  
  156  16:20  SCV, Viking x2  
  156  16:22  Viking  
  172  16:27  Siege Tank, SCV, Marauder  
  172  16:32  SCV  
  172  16:34  Liberator  
  172  16:37  Marine x2  
  172  16:38  Marauder  
  172  16:48  Marine  
  173  16:55  Marine x2, Viking x2  
  173  16:59  Marine, Siege Tank  
  179  17:06  Marine, Factory Tech Lab  
  180  17:27  Marine  
  180  18:00  Marine, Viking  
  180  18:11  Marine, Viking  
  179  18:13  Viking, Marauder x2  
  179  18:14  Viking  
  179  18:16  Thor  
  179  18:18  Marine  
  151  18:28  Marine  
  151  18:31  Missile Turret  
  150  18:34  Marine, Marauder  
  150  18:36  Marine, Missile Turret  
  150  18:37  Missile Turret  
  150  18:38  Refinery  
  150  18:39  Refinery  
  154  18:45  Orbital Command  
  154  18:46  Marine  
  155  18:51  Raven  
  155  18:52  Marauder  
  155  18:54  Marine, Viking x2  
  164  18:56  Marauder  
  166  19:04  Marine  
  163  19:14  Marauder  
  165  19:26  SCV x4  
  169  19:34  Raven  
  169  19:38  SCV  
  165  20:09  Refinery, Missile Turret  
  165  20:10  Refinery  
  165  20:20  Command Center  
  165  20:24  Missile Turret  
  165  20:39  SCV x3  
  168  20:46  Missile Turret  
  168  21:05  SCV x4  
  170  21:17  SCV x2  
  172  21:24  Marine x3  
  172  21:25  Siege Tank, Marauder  
  177  21:31  Siege Tank  
  183  21:32  Missile Turret  
  183  21:39  Supply Depot  
  183  21:42  Marine x2  
  183  21:43  Supply Depot, Marauder  
  183  21:46  Supply Depot, Marauder  
  189  21:48  Planetary Fortress  
  187  21:57  Siege Tank  
  187  22:00  Marine x2  
  192  22:02  Supply Depot, Viking x2  
  192  22:03  Siege Tank  
  192  22:07  Marine  
  200  22:24  Supply Depot  
  197  22:39  Marine  
  197  22:40  Marauder  
  200  22:49  Supply Depot  
  200  23:12  Supply Depot  
  199  23:40  Terran Infantry Weapons Level 2  
  199  23:42  Terran Vehicle Weapons Level 1, Terran Vehicle And Ship Armor Level 1  
  116  24:36  Marine  
  116  24:37  Marine, Marauder x2  
  120  24:39  Siege Tank, Thor  
  120  24:41  Viking x4  
  120  24:42  Viking  
  133  24:48  SCV x5  
  138  24:54  Marine x2  
  138  24:59  Marauder x2  
  144  25:00  SCV x2  
  144  25:06  Cloaking Field  
  146  25:10  Thor  
  146  25:11  Viking x4  
  146  25:12  Viking  
  159  25:22  Thor  
  158  25:41  Viking x4  
  158  25:42  Viking  
  168  25:53  Thor  
  168  25:55  Command Center, Ghost Academy, Fusion Core  
  168  25:56  Terran Infantry Armor Level 2  
  174  26:04  Thor  
  174  26:11  Marine x3, Viking x5  
  182  26:12  Marauder  
  195  26:29  Marine x2  
  195  26:30  Marauder  
  195  26:32  Marine  
  200  27:18  Advanced Ballistics  
  200  27:22  Weapon Refit  
  198  28:06  Behemoth Reactor  
  185  28:42  Marine x3  
  185  28:43  Siege Tank, Thor, Marauder  
  199  29:22  SCV  
  191  29:35  Command Center  
  176  29:50  Viking x5  
  142  30:20  Viking, Battlecruiser  
  142  30:34  Orbital Command  
  128  30:40  Viking  
  128  30:41  Viking x2  
  132  30:49  Viking  
  134  30:59  Orbital Command  
  134  31:03  Missile Turret  
  134  31:10  Viking  
  134  31:11  Viking x2  
  140  31:19  Viking  
  140  31:24  Missile Turret  
  140  31:25  Battlecruiser  
  148  31:40  Viking  
  148  31:41  Viking  
  148  31:45  Missile Turret  
  148  31:46  Viking  
  154  31:49  Viking  
  156  31:55  Refinery  
  156  31:57  Refinery  
  156  32:10  Viking  
  156  32:11  Viking  
Tags
 
League
Silver
Matchup
PvT
Replay Pack
All Mines
Spawn Locations
Cross Positions
Add a new tag
Caveats
  • Supply blocks, unpowered buildings, or Contaminate may cause inaccurate times.
  • Supply counts are checked every 10 seconds.